 Dungeon Crawl Stone Soup version 0.21.1-72-gffa868e (webtiles) character file.

118914 nicolaieve the Tortoise (level 16, -12/147 HPs)
             Began as a Minotaur Berserker on Aug 4, 2018.
             Was the Champion of Trog.
             Shot with an arrow by a naga sharpshooter (16 damage)
             ... on level 1 of the Snake Pit.
             The game lasted 02:57:35 (26857 turns).

nicolaieve the Tortoise (Minotaur Berserker)       Turns: 26857, Time: 02:57:36

Health: -12/147    AC: 27    Str: 24    XL:     16   Next: 26%
Magic:  5/5        EV: 17    Int:  4    God:    Trog [******]
Gold:   2503       SH: 15    Dex: 17    Spells: 15/15 levels left

rFire    + . .     SeeInvis .   R - +2 eveningstar (antimagic)
rCold    + . .     Gourm    .   g - +0 shield
rNeg     . . .     Faith    +   C - +0 plate armour
rPois    +         Spirit   .   i - +2 hat
rElec    .         Reflect  .   V - scarf {rC+ rF+}
rCorr    .         Harm     .   v - +0 pair of gloves
MR       +++..                  J - +2 pair of boots
Stlth    ..........             Q - amulet "Ewnekh" {Faith Dex+2}
HPRegen  1.34/turn              j - ring of poison resistance
MPRegen  0.09/turn              l - +5 ring of evasion

@: lethally poisoned (-12 -> -12), berserk cooldown, regenerating, slowed,
constricted, very slow
A: retaliatory headbutt, horns 2
a: Berserk, Trog's Hand, Brothers in Arms, Burn Spellbooks, Renounce Religion


You were on level 1 of the Snake Pit.
You worshipped Trog.
Trog was exalted by your worship.
You were not hungry.

You visited 5 branches of the dungeon, and saw 26 of its levels.
You also visited: Labyrinth, Ossuary and Volcano.

You collected 2678 gold pieces.
You spent 175 gold pieces at shops.

Inventory:

Hand Weapons
 R - a +2 antimagic eveningstar (weapon)
Armour
 g - a +0 shield (worn)
 i - a +2 hat (worn)
 v - a +0 pair of gloves (worn)
 C - a +0 plate armour (worn)
 J - a +2 pair of boots (worn)
 K - a +0 chain mail of fire resistance
 V - a scarf of resistance (worn)
Jewellery
 j - a ring of poison resistance (left hand)
 l - a +5 ring of evasion (right hand)
 m - a cursed ring of loudness {unknown}
 G - a +2 ring of strength
 H - an uncursed ring of protection from fire
 Q - the amulet "Ewnekh" (around neck) {Faith Dex+2}
   (You found it in a labyrinth)

   [amulet of faith]

   It allows you to gain divine favour quickly.
   It affects your dexterity (+2).
Wands
 r - a wand of scattershot (8)
 w - a wand of polymorph (12)
 F - a wand of acid (33)
 I - a wand of paralysis (26)
 O - a wand of flame (45)
 P - a wand of digging (15)
 T - a wand of iceblast (9)
Scrolls
 e - 5 scrolls of fear
 f - a scroll of enchant armour
 k - 9 scrolls of teleportation
 n - 8 scrolls of blinking
 o - 16 scrolls of remove curse
 p - 3 scrolls of holy word
 q - 9 scrolls of immolation
 u - 6 scrolls of fog
 y - 4 scrolls of magic mapping
 N - a scroll of torment
Potions
 a - 2 potions of mutation
 b - 2 potions of cancellation
 d - 2 potions of flight
 h - 5 potions of lignification
 t - 3 potions of agility
 x - 2 potions of heal wounds
 z - 9 potions of curing
 A - 6 potions of haste
 E - a potion of resistance
Comestibles
 c - 39 rations


   Skills:
 + Level 14.7 Fighting
 - Level 16.0 Maces & Flails
 - Level 20.4 Armour
 * Level 11.3 Dodging
 - Level 15.0 Shields
 + Level 2.6 Evocations


You had 15 spell levels left.
You didn't know any spells.

Dungeon Overview and Level Annotations

Branches:
Dungeon (15/15)            Temple (0/1) D:5            Lair (6/6) D:11
 Shoals (1/4) Lair:2        Snake (2/4) Lair:2        Slime (0/5) Lair:5
    Orc (2/2) D:11            Elf (0/3) Orc:2        Vaults (0/5) D:13
 Depths (0/5) D:15

Altars:
Ashenzari
Elyvilon
Fedhas
Gozag
Makhleb
Nemelex Xobeh
Okawaru
Qazlal
Sif Muna
Trog
Uskayaw
Vehumet
Zin
Beogh
Jiyva

Shops:
D:8 :   D:9 }   Orc:2 }=(?

Annotations:
Lair:1 exclusion: oklob plant
Lair:5 exclusion: oklob plant


Innate Abilities, Weirdness & Mutations

You reflexively headbutt those who attack you in melee.
You have a pair of horns on your head.


Message History

You block the splash of poison.
The naga warrior's grasp on you weakens, but your attempt to escape fails.
You feel sick. You block the naga warrior's attack.
The naga warrior constricts you.
The naga sharpshooter shoots an arrow.
The arrow hits you!
* * * LOW HITPOINT WARNING * * *
The naga sharpshooter casts a spell.
The naga sharpshooter magically shoots a bolt.
The bolt hits you!
* * * LOW HITPOINT WARNING * * *
The naga warrior spits poison at you. The splash of poison hits you!
You resist.
* * * LOW HITPOINT WARNING * * *
The naga warrior constricts you.
The naga sharpshooter shoots a bolt.
The bolt hits you!!
* * * LOW HITPOINT WARNING * * *
The bolt burns you.
* * * LOW HITPOINT WARNING * * *
The naga sharpshooter shoots an arrow.
The arrow hits you!
You die...

......# .......## ###.
........## #.... #
.........# ..... #
..........# ...... ##
#.........# #...... .##
#.........###)......
..###......(...(@)N.....
#............####NN.....
###..........# ....... #
#).........# .......
##)#........# .......
#..##.......# .......
#..##......## .......
#.^#.......# .......
#..#....####


You could see a naga warrior and 2 naga sharpshooters.

Vanquished Creatures
  Rupert (Snake:1)
  Kirke (D:14)
  Gastronok (Lair:1)
  Aizul (Snake:1)
  The ghost of Agrougrou the Fighter, a journeyman GnWn of Xom (D:15)
  2 stone giants
  Azrael (D:15)
  The ghost of Sermion the Protected, a journeyman MiBe of Trog (Lair:2)
  4 dire elephants (Lair:6)
  An ettin (D:15)
  A minotaur (Lab)
  7 hydras
  A vault guard (D:13)
  5 centaur warriors
  3 anacondas
  2 death knights (D:13)
  5 naga warriors (Snake:1)
  2 ogre magi (D:15)
  9 two-headed ogres
  2 tengu warriors
  4 death yaks (Lair:4)
  4 orc high priests
  Sonja (Orc:2)
  A hell knight (Volcano)
  A fire crab (Lair:5)
  A skeletal warrior (D:13)
  3 unseen horrors
  A deep troll (D:15)
  A phantasmal warrior (D:13)
  3 wizards (D:13)
  4 orc knights
  The ghost of Garchi the Skirmisher, a novice DsAK of Lugonu (D:5)
  A wolf spider zombie (D:15)
  8 ugly things
  A salamander (Snake:1)
  2 manticores (D:12)
  2 orc sorcerers (Orc:1)
  3 cyclopes
  3 merfolk sirens (Lair:2)
  13 elephants
  7 black mambas
  A water nymph (Shoals:1)
  6 spiny frogs
  3 rime drakes
  11 komodo dragons
  A freezing wraith (D:13)
  An efreet (D:15)
  A yaktaur (Volcano)
  4 tengu conjurers
  12 trolls
  3 merfolk
  2 polar bears (Lair:4)
  21 blink frogs
  A wind drake (Shoals:1)
  A snapping turtle (Shoals:1)
  13 hippogriffs
  6 slime creatures
  2 dream sheep (D:10)
  54 yaks
  3 fire elementals (D:15)
  A vampire (D:10)
  2 wraiths
  7 wyverns
  21 humans (D:13)
  3 basilisks
  2 vampire mosquitoes (D:15)
  A hungry ghost (D:10)
  2 wargs
  4 nagas
  An acid dragon (D:14)
  A soldier ant (D:12)
  11 water moccasins
  3 hell hounds
  10 porcupines
  3 ice beasts
  44 orc warriors
  4 sky beasts
  2 black bears
  A hornet zombie (D:12)
  An eye of draining (D:13)
  A black bear (shapeshifter) (D:15)
  12 ogres
  7 wolves
  14 centaurs
  13 crocodiles
  9 big kobolds
  13 bullfrogs
  A wyvern zombie (D:9)
  2 gnoll sergeants
  3 water moccasin zombies (Ossuary)
  4 scorpions
  A water moccasin skeleton (D:9)
  7 killer bees
  10 wights
  4 electric eels (Lair:3)
  2 howler monkeys
  The ghost of dscm the Grave Robber, a weakling DsNe (D:4)
  6 crimson imps
  2 centaur zombies
  A quasit (D:10)
  A bullfrog zombie (D:9)
  4 hounds
  39 orc priests
  5 centaur skeletons
  A gnoll shaman (Orc:1)
  A jelly (D:6)
  5 worker ants
  6 iguanas
  39 orc wizards
  2 big kobold zombies (Ossuary)
  A hound skeleton (D:8)
  2 mummies (Ossuary)
  15 adders
  11 gnolls
  6 shadow imps
  3 oozes
  An adder zombie (Ossuary)
  2 adder skeletons
  3 worms (D:2)
  2 dart slugs
  12 leopard geckos
  108 orcs
  5 bats
  4 giant cockroaches
  2 gnoll zombies (Ossuary)
  9 hobgoblins
  13 jackals
  32 kobolds
  7 quokkas
  A ball python (D:2)
  A frilled lizard (D:1)
  16 goblins
  7 hobgoblin zombies (Ossuary)
  5 kobold zombies (Ossuary)
  6 orc zombies (Ossuary)
  8 rats
  4 plants (Lair:6)
888 creatures vanquished.

Vanquished Creatures (others)
  5 fungi
  8 plants
13 creatures vanquished.

Grand Total: 901 creatures vanquished

Notes
Turn   | Place    | Note
-------+----------+-------------------------------------------
     0 | D:1      | nicolaieve the Minotaur Berserker began the quest for the Orb.
     0 | D:1      | Reached XP level 1. HP: 19/19 MP: 0/0
   179 | D:1      | Reached XP level 2. HP: 20/26 MP: 1/1
   312 | D:1      | Reached skill level 5 in Maces & Flails
   328 | D:1      | Reached XP level 3. HP: 30/31 MP: 2/2
   857 | D:2      | Reached ** piety under Trog
   863 | D:2      | Reached XP level 4. HP: 39/39 MP: 3/3
  1232 | D:2      | Reached skill level 1 in Shields
  1409 | D:3      | Found a radiant altar of Vehumet.
  1444 | D:3      | Reached XP level 5. HP: 40/45 MP: 4/4
  1538 | D:3      | Noticed an ogre
  1550 | D:3      | Killed an ogre
  1687 | D:3      | Reached XP level 6. HP: 51/51 MP: 5/5
  1797 | D:3      | Found a faded altar of an unknown god.
  1803 | D:3      | Reached *** piety under Trog
  1916 | D:4      | Noticed dscm's ghost (weakling DsNe)
  1927 | D:4      | Killed dscm's ghost
  1960 | D:4      | Found a white marble altar of Elyvilon.
  2409 | D:4      | Found an opulent altar of Gozag.
  2476 | D:4      | Found a sparkling altar of Nemelex Xobeh.
  2616 | D:5      | Entered Level 5 of the Dungeon
  2622 | D:5      | Noticed Garchi's ghost (novice DsAK)
  2635 | D:5      | Killed Garchi's ghost
  2635 | D:5      | Reached skill level 10 in Maces & Flails
  2635 | D:5      | Reached XP level 7. HP: 57/57 MP: 6/6
  2639 | D:5      | Found a sand-covered staircase.
  2648 | Ossuary  | Entered an ossuary
  2779 | Ossuary  | Reached XP level 8. HP: 60/64 MP: 7/7
  2835 | Ossuary  | Reached **** piety under Trog
  3174 | D:5      | Received a gift from Trog
  3249 | D:5      | Found a bloodstained altar of Trog.
  3283 | D:5      | Found a staircase to the Ecumenical Temple.
  3358 | D:5      | Found a blossoming altar of Fedhas.
  3358 | D:5      | Found an iron altar of Okawaru.
  3431 | D:6      | Reached skill level 5 in Shields
  4314 | D:7      | Reached skill level 3 in Armour
  4621 | D:7      | Found a glowing silver altar of Zin.
  4674 | D:7      | Reached XP level 9. HP: 66/72 MP: 8/8
  4959 | D:8      | Found a hide-covered altar of Uskayaw.
  5351 | D:8      | Found Gamuej's Book Shop.
  5554 | D:8      | Found a deep blue altar of Sif Muna.
  5735 | D:9      | Reached skill level 10 in Shields
  6137 | D:9      | Noticed a troll
  6146 | D:9      | Killed a troll
  6146 | D:9      | Reached XP level 10. HP: 80/80 MP: 9/9
  6231 | D:9      | Reached ***** piety under Trog
  6351 | D:9      | Found Fueskum's Gadget Shoppe.
  6379 | D:9      | Noticed a two-headed ogre
  6389 | D:9      | Killed a two-headed ogre
  6403 | D:9      | Received a gift from Trog
  6757 | D:10     | Entered Level 10 of the Dungeon
  6826 | D:10     | Reached skill level 5 in Fighting
  6908 | D:10     | Noticed a two-headed ogre
  6920 | D:10     | Killed a two-headed ogre
  6920 | D:10     | Reached skill level 4 in Armour
  6920 | D:10     | Reached XP level 11. HP: 66/88 MP: 10/10
  7666 | D:10     | Reached skill level 5 in Armour
  7671 | D:10     | Reached skill level 15 in Shields
  7932 | D:10     | Reached skill level 6 in Armour
  7980 | D:10     | Noticed a two-headed hydra
  7994 | D:10     | Killed a two-headed hydra
  8191 | D:10     | Reached skill level 7 in Armour
  8618 | D:11     | Noticed an eight-headed hydra
  8628 | D:10     | Killed an eight-headed hydra
  8858 | D:11     | Found a staircase to the Lair.
  8906 | D:11     | Found a staircase to the Orcish Mines.
  8920 | D:11     | Reached skill level 8 in Armour
  9373 | Lair:1   | Entered Level 1 of the Lair of Beasts
  9431 | Lair:1   | Noticed an oklob plant
  9661 | Lair:1   | Found a dark tunnel.
  9667 | Volcano  | Entered a volcano
  9726 | Volcano  | Noticed a hell knight
  9737 | Volcano  | Killed a hell knight
  9737 | Volcano  | Reached skill level 9 in Armour
  9737 | Volcano  | Reached XP level 12. HP: 104/104 MP: 11/11
  9808 | Volcano  | Noticed a centaur warrior
  9822 | Volcano  | Killed a centaur warrior
  9985 | Lair:1   | Reached skill level 5 in Dodging
 10028 | Lair:1   | Noticed Gastronok
 10049 | Lair:1   | Killed Gastronok
 10049 | Lair:1   | Reached skill level 10 in Fighting
 10049 | Lair:1   | Reached skill level 10 in Armour
 10191 | Lair:1   | Received a gift from Trog
 10267 | Lair:1   | Reached skill level 11 in Armour
 10446 | Lair:1   | Noticed an eight-headed hydra
 10453 | Lair:1   | Killed an eight-headed hydra
 10822 | Lair:2   | Found a staircase to the Snake Pit.
 10944 | Lair:2   | Found a staircase to the Shoals.
 11367 | Lair:2   | Noticed Sermion's ghost (journeyman MiBe)
 11386 | Lair:2   | Killed Sermion's ghost
 11625 | Lair:3   | Reached XP level 13. HP: 116/116 MP: 12/12
 11847 | Lair:3   | Reached skill level 12 in Armour
 12899 | Lair:4   | Reached skill level 13 in Armour
 13839 | Lair:5   | Reached ****** piety under Trog
 13883 | Lair:5   | Found a labyrinth entrance.
 13894 | Lab      | Entered a labyrinth
 15316 | Lab      | Noticed a minotaur
 15326 | Lab      | Killed a minotaur
 15334 | Lab      | Found the +0 sword of Power
 15334 | Lab      | Got a faintly glowing amethyst amulet
 15523 | Lair:5   | Found a stormy altar of Qazlal.
 15606 | Lair:5   | Received a gift from Trog
 15611 | Lair:5   | Found a viscous altar of Jiyva.
 15611 | Lair:5   | Found a staircase to the Slime Pits.
 15787 | Lair:5   | Identified the amulet "Ewnekh" {Faith Dex+2} (You found it in a labyrinth)
 15829 | Lair:6   | Entered Level 6 of the Lair of Beasts
 15905 | Lair:6   | Reached skill level 10 in Dodging
 16045 | Lair:6   | Reached skill level 14 in Armour
 16172 | Lair:6   | Reached XP level 14. HP: 108/129 MP: 13/13
 17181 | Lair:6   | Reached skill level 1 in Evocations
 17244 | Lair:6   | HP: 6/195 [dire elephant (14)]
 17511 | Lair:6   | Reached skill level 15 in Armour
 17670 | Orc:1    | Entered Level 1 of the Orcish Mines
 17670 | Orc:1    | Found a burning altar of Makhleb.
 18241 | Orc:1    | Reached skill level 16 in Armour
 18684 | Orc:2    | Entered Level 2 of the Orcish Mines
 18686 | Orc:2    | Noticed Sonja
 18708 | Orc:2    | Killed Sonja
 18708 | Orc:2    | Received a gift from Trog
 18756 | Orc:1    | Reached skill level 17 in Armour
 19778 | Orc:2    | Noticed a stone giant
 19827 | Orc:2    | Reached skill level 18 in Armour
 20044 | Orc:2    | Killed a stone giant
 20173 | Orc:2    | Received a gift from Trog
 20178 | Orc:2    | Found a roughly hewn altar of Beogh.
 20386 | Orc:2    | Received a gift from Trog
 21100 | Orc:2    | Found Fothrenk's Gadget Shop.
 21154 | Orc:2    | Found a staircase to the Elven Halls.
 21338 | Orc:2    | Found Irimiyt's Weapon Shop.
 21338 | Orc:2    | Found Gaes's Magic Scroll Shop.
 21339 | Orc:2    | Found Kazxirr's Armour Boutique.
 21344 | Orc:2    | Found Xedghisk's Jewellery Boutique.
 21347 | Orc:2    | Bought a scroll of fog for 26 gold pieces
 21347 | Orc:2    | Bought a scroll of identify for 26 gold pieces
 21347 | Orc:2    | Bought a scroll of noise for 13 gold pieces
 21347 | Orc:2    | Bought a scroll of identify for 26 gold pieces
 21347 | Orc:2    | Bought a scroll of identify for 26 gold pieces
 21347 | Orc:2    | Bought a scroll of random uselessness for 13 gold pieces
 21347 | Orc:2    | Bought a scroll of immolation for 45 gold pieces
 21544 | Orc:1    | Noticed a stone giant
 21617 | Orc:1    | Killed a stone giant
 21971 | D:12     | Reached XP level 15. HP: 137/137 MP: 5/15
 21980 | D:12     | Received a gift from Trog
 22861 | D:13     | Received a gift from Trog
 23041 | D:13     | Reached skill level 15 in Maces & Flails
 23073 | D:13     | Found a gate to the Vaults.
 24145 | D:14     | Received a gift from Trog
 24512 | D:14     | Noticed Kirke
 24527 | D:14     | Killed Kirke
 24973 | D:15     | Entered Level 15 of the Dungeon
 25039 | D:15     | Reached skill level 19 in Armour
 25052 | D:15     | Noticed Agrougrou's ghost (journeyman GnWn)
 25078 | D:15     | Killed Agrougrou's ghost
 25448 | D:15     | Noticed Azrael
 25461 | D:15     | Killed Azrael
 25638 | D:15     | Found a staircase to the Depths.
 25676 | D:15     | Reached skill level 20 in Armour
 25767 | D:15     | Reached XP level 16. HP: 102/146 MP: 5/16
 25844 | D:15     | Found a shattered altar of Ashenzari.
 26036 | Shoals:1 | Entered Level 1 of the Shoals
 26080 | Shoals:1 | Received a gift from Trog
 26265 | Snake:1  | Entered Level 1 of the Snake Pit
 26306 | Snake:1  | Noticed Aizul
 26321 | Snake:1  | Killed Aizul
 26820 | Snake:1  | Noticed Rupert
 26838 | Snake:1  | Killed Rupert
 26857 | Snake:1  | HP: 4/147 [naga sharpshooter/bolt (4)]
 26857 | Snake:1  | Shot with an arrow by a naga sharpshooter

Skill      XL: |  1  2  3  4  5  6  7  8  9 10 11 12 13 14 15 16 |
---------------+-------------------------------------------------+-----
Maces & Flails | 4 5 6 7 10 12 13 16 | 16.0
Shields        | 1 4 6 11 14 15 | 15.0
Fighting       | 4 5 9 11 13 14 | 14.7
Armour         | 3 4 9 11 14 18 20 | 20.4
Dodging        | 4 8 10 11 | 11.3
Evocations     | 1 2 |  2.6

Action                   |  1- 3 |  4- 6 |  7- 9 | 10-12 | 13-15 | 16-18 || total
-------------------------+-------+-------+-------+-------+-------+-------++-------
Melee: Mace              |    78 |    13 |       |       |       |       ||    91
       Headbutt          |     9 |    31 |   104 |   251 |   640 |    35 ||  1070
       Whip              |       |   134 |   386 |   907 |  1370 |       ||  2797
       Eveningstar       |       |       |       |       |   780 |   172 ||   952
Invok: Berserk           |     1 |     3 |     6 |    18 |    34 |     3 ||    65
       Burn Spellbooks   |       |       |     2 |     4 |     2 |     1 ||     9
       Trog's Hand       |       |       |       |     6 |     4 |     1 ||    11
  Use: Scroll            |       |       |     2 |    10 |    10 |     4 ||    26
       Potion            |       |       |       |     2 |     5 |       ||     7
  Eat: Chunk             |       |     8 |    14 |    28 |    53 |     4 ||   107
       Ration            |       |       |     1 |     3 |     8 |     1 ||    13
Armor: Animal skin       |     1 |       |       |       |       |       ||     1
       Ring mail         |    23 |    28 |       |       |       |       ||    51
       Chain mail        |       |    12 |    33 |       |       |       ||    45
       Plate armour      |       |       |    50 |   267 |   582 |    42 ||   941
       Skin              |       |       |       |       |     6 |       ||     6
Dodge: Dodged            |    36 |    27 |    26 |   168 |   925 |    57 ||  1239
Block: Shield            |    13 |    49 |   109 |   434 |  1291 |   108 ||  2004
